 Dungeon Crawl Stone Soup version 0.30-a0-305-g026cb31310 (webtiles) character file.

Game seed: 2756460293038058927

51730 GreatBamboolord the Black Sun (level 14, -5/85 HPs)
             Began as a Vampire Necromancer on Oct 23, 2022.
             Was a High Priest of Kikubaaqudgha.
             Slain by a dire elephant (56 damage)
             ... on level 5 of the Lair of Beasts on Oct 24, 2022.
             The game lasted 01:14:09 (19432 turns).

GreatBamboolord the Black Sun (VpNe)               Turns: 19432, Time: 01:14:10

Health: -5/85      AC: 18    Str:  4    XL:     14   Next: 24%
Magic:  28/31      EV:  2    Int: 26    God:    Kikubaaqudgha [*****.]
Gold:   1161       SH:  0    Dex: 26    Spells: 7/40 levels left

rFire   . . .      SeeInvis +    s - +6 rapier of Soew {flame, rC+ rCorr Str-3 Int+4}
rCold   + . .      Faith    .    (no shield)
rNeg    + . .      Spirit   .    q - +1 robe of Vines {NoPotionHeal Regen++++}
rPois   .          Reflect  .    Z - +1 helmet of Autumn {Dex+3}
rElec   .          Harm     .    M - +2 cloak
rCorr   +          Rampage  .    g - +2 pair of gloves of Quiet Fog {rN+ Will- Dex+2}
Will    .....                    k - +2 pair of boots
Stlth   +++++.....               X - amulet of magic regeneration
HPRegen 3.74/turn                B - +6 ring of dexterity
MPRegen 0.62/turn                U - +4 ring of protection

@: death channelling, sleeping, healing quickly, studying Dodging
A: alive, fangs 3, see invisible, vampiric 2
a: Exsanguinate, Renounce Religion, Unearth Wretches, Torment


You were on level 5 of the Lair of Beasts.
You worshipped Kikubaaqudgha.
Kikubaaqudgha was extremely pleased with you.
You visited 3 branches of the dungeon, and saw 17 of its levels.
You also visited: Gauntlet.

You collected 1161 gold pieces.

Inventory:

Hand Weapons
 s - the +6 rapier of Soew (weapon) {flame, rC+ rCorr Str-3 Int+4}
   (You found it on level 4 of the Dungeon)

   It burns those it strikes, dealing additional fire damage.
   Str:       It affects your strength (-3).
   Int:       It affects your intelligence (+4).
   rC:        It protects you from cold.
   rCorr:     It protects you from acid and corrosion.
Missiles
 W - 2 throwing nets
Armour
 g - the +2 pair of gloves of Quiet Fog (worn) {rN+ Will- Dex+2}
   (You found it in a Gauntlet)

   Dex:       It affects your dexterity (+2).
   rN:        It protects you from negative energy.
   Will:      It decreases your willpower.
 h - a +2 helmet
 k - a +2 pair of boots (worn)
 q - the +1 robe of Vines (worn) {NoPotionHeal Regen++++}
   (You found it on level 7 of the Dungeon)

   Its wearer cannot be healed by potions.
   Regen:     It increases your rate of health regeneration.
 M - a +2 cloak (worn)
 T - a +0 pair of gloves
 Z - the +1 helmet of Autumn (worn) {Dex+3}
   (You found it in a Gauntlet)

   Dex:       It affects your dexterity (+3).
Jewellery
 l - a ring of protection from fire
 u - an amulet of the acrobat
 v - the ring "Syjiut" {Ice Will+ Slay+2}
   (You found it in a Gauntlet)

   [ring of ice]

   It enhances your ice magic.
   Slay:      It affects your accuracy & damage with ranged weapons and melee
   (+2).
   rF:        It makes you vulnerable to fire.
   rC:        It protects you from cold.
   Will:      It increases your willpower.
 B - a +6 ring of dexterity (left hand)
 K - the amulet of Siab {Faith rC+ Regen+}
   (You found it on level 5 of the Lair of Beasts)

   [amulet of faith]

   It allows you to gain divine favour quickly.
   rC:        It protects you from cold.
   Regen:     It increases your rate of health regeneration.
 U - a +4 ring of protection (right hand)
 X - an amulet of magic regeneration (around neck)
Wands
 p - a wand of digging (1)
 w - a wand of polymorph (18)
 F - a wand of charming (13)
 H - a wand of flame (28)
 L - a wand of iceblast (14)
 N - a wand of quicksilver (6)
Scrolls
 a - 2 scrolls of fog
 d - 4 scrolls of amnesia
 e - 2 scrolls of vulnerability
 i - 3 scrolls of blinking
 j - a scroll of magic mapping
 n - 3 scrolls of fear {unknown}
 t - 4 scrolls of enchant weapon
 x - a scroll of summoning {unknown}
 y - a scroll of identify
 D - 2 scrolls of noise {unknown}
 G - 2 scrolls of immolation {unknown}
 I - 2 scrolls of brand weapon {unknown}
 J - 9 scrolls of teleportation
 O - 3 scrolls of silence {unknown}
 Y - a scroll of torment {unknown}
Potions
 b - 2 potions of magic
 c - 5 potions of brilliance
 f - 2 potions of heal wounds
 m - 2 potions of lignification {unknown}
 o - 8 potions of ambrosia
 r - 3 potions of berserk rage {unknown}
 z - 5 potions of haste {unknown}
 A - 2 potions of might {unknown}
 C - 4 potions of resistance {unknown}
 E - 9 potions of curing {unknown}
 P - a potion of flight {unknown}
 R - 2 potions of mutation {unknown}


   Skills:
 + Level 7.9 Short Blades
 * Level 12.6 Dodging
 + Level 10.7 Stealth
 - Level 1.0 Unarmed Combat
 * Level 13.9 Spellcasting
 * Level 7.6 Hexes
 * Level 15.8 Necromancy
 + Level 1.1 Earth Magic


You had 7 spell levels left.
You knew the following spells:

 Your Spells              Type           Power      Damage    Failure   Level
a - Borgnjor's Vile Clut  Necr/Erth      29%        N/A       2%          5
b - Vampiric Draining     Necr           79%        2d11      0%          3
c - Animate Dead          Necr           79%        N/A       1%          4
d - Agony                 Necr           79%        N/A       1%          5
e - Sublimation of Blood  Necr           79%        N/A       0%          2
f - Dispel Undead         Necr           79%        3d26      1%          4
g - Death Channel         Necr           39%        N/A       1%          6
h - Anguish               Hex/Necr       34%        N/A       1%          4

Your spell library contained the following spells:

 Spells                   Type           Power      Damage    Failure   Level
 Necrotise                Necr           100%       1d9       0%          1
 Kiss of Death            Conj/Necr      100%       2d13      1%          1
 Dazzling Flash           Conj/Hex       76%        N/A       1%          3
 Apportation              Tloc           36%        N/A       3%          1
 Beastly Appendage        Tmut           36%        N/A       3%          1
 Magic Dart               Conj           72%        1d6       3%          1
 Sting                    Tmut/Pois      72%        1d6       3%          1
 Poisonous Vapours        Pois/Air       36%        N/A       4%          2
 Searing Ray              Conj           36%        2d5       4%          2
 Static Discharge         Conj/Air       36%        2-4/arc   4%          2
 Wereblood                Tmut           18%        N/A       4%          2
 Fulminant Prism          Conj/Hex       19%        3d11      6%          4
 Spider Form              Tmut/Pois      18%        N/A       10%         3
 Vhi's Electric Charge    Tloc/Air       36%        N/A       10%         3
 Simulacrum               Ice/Necr       28%        N/A       19%         6
 Airstrike                Air            9%         2d(2-18)  30%         4
 Iskenderun's Mystic Bla  Conj/Tloc      18%        2d6       30%         4
 Olgreb's Toxic Radiance  Pois           18%        N/A       30%         4
 Summon Lightning Spire   Summ/Air       18%        N/A       30%         4
 Alistair's Intoxication  Tmut/Pois      12%        N/A       65%         5
 Arcjolt                  Conj/Air       9%         1d19      65%         5
 Lightning Bolt           Conj/Air       9%         1d21      65%         5
 Starburst                Conj/Fire      9%         6d5       99%         6


Dungeon Overview and Level Annotations

Branches:
Dungeon (11/15)            Temple (1/1) D:4            Lair (5/5) D:10
 Shoals (0/4) Lair:3        Snake (0/4) Lair:2        Slime (0/5) Lair:5
Gauntlet (visited)
    Orc: D:9-12

Altars:
Ashenzari
Cheibriados
Dithmenos
Fedhas
Gozag
Hepliaklqana
Kikubaaqudgha
Makhleb
Nemelex Xobeh
Okawaru
Qazlal
Ru
Sif Muna
Trog
Uskayaw
Vehumet
Wu Jian
Xom
Yredelemnul

Annotations:
D:6 3 runed translucent doors, Zarkath's ghost, novice OpTm


Innate Abilities, Weirdness & Mutations

Your natural rate of healing is accelerated.
You have razor-sharp teeth.
You have supernaturally acute eyesight. (SInv)
You are afflicted with vampirism and can become a bat while bloodless.


Message History

The dire elephant is lightly wounded.
The rime drake breathes ice at your spectral dream sheep.
The flash freeze hits your spectral dream sheep!
Your spectral dream sheep partially resists.
Your spectral dream sheep is flash-frozen.
Your spectral dream sheep bites the rime drake!
The rime drake dies!
Kikubaaqudgha accepts your kill.
A glowing mist starts to gather...
You puncture the dire elephant! You burn the dire elephant.
The dire elephant is moderately wounded.
The dream sheep ruffles its wool and motes of dream dust sparkle, to no effect.
The death yak gores you!
Your spectral dream sheep bites the death yak.
Your spectral dream sheep drains the death yak.
Unknown command.
You puncture the dire elephant! You burn the dire elephant.
You bite the dire elephant, but do no damage.
The dire elephant is moderately wounded.
The dire elephant completely misses you. x2
The death yak gores you!
Unknown command.
You hit the dire elephant but do no damage.
The dire elephant is moderately wounded.
Your spectral dream sheep bites the death yak!
Your spectral dream sheep drains the death yak.
The dream sheep ruffles its wool and motes of dream dust sparkle, to no effect.
The death yak gores you! The dire elephant barely misses you.
The dire elephant trunk-slaps you!
You hit the dire elephant. You burn the dire elephant.
The dire elephant is moderately wounded.
Your spectral dream sheep is no longer encased in ice.
Your spectral rime drake bites the death yak but does no damage.
Your spectral dream sheep bites the death yak but does no damage.
The dream sheep shakes its wool and sparkles.
You feel drowsy...
You fall asleep.
The dire elephant tramples you!!!
Ouch! That really hurt!
You die...
Kikubaaqudgha rasps: "You have failed me!
Welcome... death!"

##### ######## #....## ##....##
####...#####..P# #....##
#...Z.Z....##### #.#### ##
###.Z....ZZ...### ### .#
##.Z.Z#####....#.##### .#
#.........#ZZ....##..####
P###...ZZ#...#ZZZZ..##...#.###
##}###..Z....##ZZ#.P##.....P.#
#....ZZZ########@ZZ#####....P##
#..Z#ZZZ..##.$YYY#Z.###.P.....###
#.......Z.##$?=.yZ.###..........#
#####....###.$....###.#..........
.........##......## #............
.......#####P...## ###..........
#.P.#### ##### #...........
######### ###### ##........##
##.###..###....## #.........#


You could see a dire elephant (ally target), a death yak (drained), a hornet
(ally target), a dream sheep (ally target), a friendly spectral seven-headed
hydra, 2 friendly spectral death yaks, 2 friendly spectral rime drakes, a
friendly spectral hornet, 2 friendly spectral dream sheep, a friendly
seven-headed hydra zombie, 2 friendly death yak zombies, a friendly elephant
zombie, a friendly lindwurm zombie, a friendly hornet zombie and a friendly
dream sheep zombie.

Vanquished Creatures
  A minotaur (Gauntlet)
  A fire dragon (Lair:5)
  2 hydras
  2 death yaks
  A slime creature (Gauntlet)
  A swamp dragon (Lair:5)
  2 lindwurms (Lair:5)
  An oklob plant (D:10)
  Joseph (D:7)
  4 black mambas
  An elephant (Lair:5)
  A merfolk siren (Lair:3)
  A torpor snail (Gauntlet)
  Maggie (D:7)
  7 cane toads
  5 komodo dragons
  5 rime drakes
  A queen bee (D:10)
  2 trolls (D:7)
  2 polar bears
  Grinder (D:5)
  A hornet (Lair:5)
  2 dream sheep (Lair:5)
  2 wolf spider simulacra (Gauntlet)
  5 blink frogs
  2 wraiths
  A centaur simulacrum (Gauntlet)
  5 wyverns
  25 yaks
  A steam dragon (Lair:5)
  15 water moccasins
  2 nagas (Lair:2)
  Edmund (D:6)
  An acid dragon (D:10)
  An ice beast (D:6)
  An ice dragon simulacrum (Gauntlet)
  2 black bears
  2 ogres
  12 wolves
  2 centaurs
  3 phantoms
  2 kobold brigands
  Blork the orc (D:5)
  A necrophage (D:5)
  16 bullfrogs
  2 scorpions
  A gnoll sergeant (D:7)
  5 wights (D:9)
  9 killer bees
  4 crimson imps (D:8)
  4 hounds
  4 orc priests
  5 jellies
  A gnoll bouda (D:6)
  6 iguanas
  5 orc wizards
  2 hell rats (Lair:2)
  2 human simulacra (D:10)
  10 adders
  11 gnolls
  A white imp (D:5)
  An ufetubus (D:5)
  An adder zombie (D:2)
  An adder skeleton (D:2)
  4 worms
  5 dart slugs
  32 orcs
  5 ball pythons
  A bat skeleton (D:2)
  A bat zombie (D:2)
  4 endoplasms
  7 giant cockroaches
  6 goblins
  8 hobgoblins
  8 jackals
  6 quokkas
  A ball python skeleton (D:2)
  8 bats
  2 frilled lizards
  A jackal skeleton (D:2)
  15 kobolds
  2 rats (D:3)
340 creatures vanquished.

Vanquished Creatures (collateral kills)
  Harold (Lair:2)
  A catoblepas (Lair:5)
  2 hydras
  A two-headed ogre (D:7)
  A death yak (Lair:4)
  A fire crab (Lair:4)
  Pikel (D:7)
  A manticore (D:9)
  An elephant (Lair:5)
  A black mamba (Lair:5)
  3 cane toads
  2 komodo dragons (Lair:4)
  A rime drake (Lair:5)
  A polar bear (Lair:4)
  A troll (D:7)
  Prince Ribbit (D:9)
  5 blink frogs (Lair:2)
  10 yaks
  A wyvern (Lair:5)
  3 basilisks (Lair:5)
  A water moccasin (Lair:4)
  A black bear (Lair:4)
  3 wolves (Lair:1)
  A centaur (D:9)
  A kobold brigand (D:7)
  3 bullfrogs
  16 killer bees
  An orc priest (D:7)
  2 iguanas
  2 hell rats (Lair:2)
  2 adders
  2 orcs
  A bat zombie (D:2)
  A giant cockroach (D:2)
  3 kobolds
  A quokka skeleton (D:2)
80 creatures vanquished.

Vanquished Creatures (others)
  2 hydras
  A death yak (Lair:5)
  2 rime drakes
  4 komodo dragons
  2 blink frogs (Lair:2)
  2 yaks
  A hog (shapeshifter) (D:6)
  A basilisk (Lair:2)
  A steam dragon (Lair:5)
  A water moccasin (Lair:1)
  A cane toad zombie (Lair:2)
  An acid dragon (Lair:5)
  An orc warrior (D:10)
  2 blink frog zombies (Lair:2)
  2 wolves
  A rime drake zombie (Lair:5)
  A hog zombie (D:6)
  A komodo dragon zombie (Lair:2)
  A bullfrog (Lair:2)
  3 water moccasin zombies (Lair:5)
  3 yak zombies (Lair:2)
  2 troll zombies (D:7)
  12 killer bees (D:10)
  4 wolf zombies (Lair:5)
  3 bullfrog zombies
  2 orc priests (D:10)
  A basilisk zombie (Lair:5)
  An orc wizard (D:10)
  A scorpion zombie (D:6)
  12 killer bee zombies
  An ice beast zombie (D:6)
  A hound zombie (D:6)
  3 hell rat zombies (Lair:2)
  A steam dragon zombie (Lair:5)
  2 iguana zombies (Lair:5)
  A jelly zombie (Gauntlet)
  An orc (D:6)
  2 gnoll zombies (D:6)
  3 orc zombies
  A demonic plant (Gauntlet)
  38 fungi
  81 plants
  A withered plant (D:2)
208 creatures vanquished.

Grand Total: 628 creatures vanquished

Notes
Turn   | Place    | Note
-------+----------+-------------------------------------------
     0 | D:1      | GreatBamboolord the Vampire Necromancer began the quest for
                  | the Orb.
     0 | D:1      | Reached XP level 1. HP: 13/13 MP: 3/3
   193 | D:1      | Reached XP level 2. HP: 19/19 MP: 3/5
   451 | D:1      | Reached skill level 5 in Necromancy
  1050 | D:2      | Gained mutation: You are afflicted with vampirism and can
                  | become a bat while bloodless. [Vampire growth]
  1050 | D:2      | Reached XP level 3. HP: 24/24 MP: 1/6
  1378 | D:2      | Found a radiant altar of Vehumet.
  1407 | D:2      | Reached XP level 4. HP: 30/30 MP: 1/8
  1479 | D:2      | Learned a level 3 spell: Vampiric Draining
  1484 | D:2      | Learned a level 4 spell: Animate Dead
  2021 | D:3      | Found a hide-covered altar of Uskayaw.
  2694 | D:3      | Reached XP level 5. HP: 35/35 MP: 6/10
  3298 | D:4      | Reached skill level 1 in Unarmed Combat
  3300 | D:4      | Identified the +6 rapier of Soew {flame, rC+ rCorr Str-3
                  | Int+4}
  3383 | D:4      | Found a blossoming altar of Fedhas.
  3410 | D:4      | Found a staircase to the Ecumenical Temple.
  3439 | Temple   | Entered the Ecumenical Temple
  3447 | Temple   | Became a worshipper of Kikubaaqudgha
  3509 | D:4      | Noticed a black bear
  3516 | D:4      | Killed a black bear
  3517 | D:4      | Reached skill level 6 in Necromancy
  3517 | D:4      | Reached XP level 6. HP: 41/41 MP: 5/12
  4117 | D:5      | Entered Level 5 of the Dungeon
  4117 | D:5      | Noticed Blork the orc
  4249 | D:5      | Killed Blork the orc
  4250 | D:5      | Reached XP level 7. HP: 25/36 MP: 8/14
  4312 | D:5      | Noticed Grinder
  4315 | D:5      | Paralysed by Grinder for 2 turns
  4338 | D:5      | Reached skill level 1 in Short Blades
  4338 | D:5      | Reached skill level 5 in Spellcasting
  4340 | D:5      | Paralysed by Grinder for 3 turns
  4349 | D:5      | Killed Grinder
  4350 | D:5      | Reached skill level 7 in Necromancy
  4475 | D:5      | Reached XP level 8. HP: 13/41 MP: 4/16
  4616 | D:5      | Found a burning altar of Makhleb.
  4705 | D:5      | Learned a level 5 spell: Agony
  4893 | D:5      | Reached skill level 5 in Dodging
  5318 | D:6      | Reached * piety under Kikubaaqudgha
  5318 | D:6      | Received a gift from Kikubaaqudgha
  5330 | D:6      | Reached skill level 8 in Necromancy
  5744 | D:6      | Noticed Edmund
  5775 | D:6      | Reached skill level 5 in Short Blades
  5775 | D:6      | Reached skill level 10 in Necromancy
  5775 | D:6      | Reached XP level 9. HP: 9/51 MP: 7/21
  5776 | D:6      | Reached skill level 11 in Necromancy
  5776 | D:6      | Reached XP level 10. HP: 10/56 MP: 7/23
  5954 | D:6      | Killed Edmund
  6209 | D:6      | Found a runed translucent gate.
  6209 | D:6      | Found a runed translucent gate.
  6209 | D:6      | Found a runed translucent gate.
  6222 | D:6      | Noticed Zarkath's ghost (novice OpTm)
  6228 | D:6      | Identified the +5 chain mail "Ynur" {+Blink rElec rN+
                  | Dex+4}
  6680 | D:7      | Noticed Maggie
  6688 | D:7      | Killed Maggie
  6689 | D:7      | Reached XP level 11. HP: 57/68 MP: 4/24
  6836 | D:7      | Reached skill level 10 in Spellcasting
  6873 | D:7      | Noticed a six-headed hydra
  6882 | D:7      | Killed a six-headed hydra
  7015 | D:7      | Found the +1 robe of Vines {NoPotionHeal Regen++++}
  7396 | D:7      | Found a sacrificial altar of Ru.
  7580 | D:7      | Noticed a two-headed ogre
  7586 | D:7      | Killed a two-headed ogre
  7587 | D:7      | Reached skill level 12 in Necromancy
  7589 | D:7      | Reached ** piety under Kikubaaqudgha
  7700 | D:7      | Noticed Joseph
  7712 | D:7      | Killed Joseph
  7829 | D:7      | Noticed Pikel
  7837 | D:7      | Killed Pikel
  8096 | D:7      | Learned a level 2 spell: Sublimation of Blood
  8549 | D:8      | Found a shimmering altar of Xom.
  8896 | D:8      | Found a shimmering blue altar of Sif Muna.
  8907 | D:8      | Found a bloodstained altar of Trog.
  8909 | D:8      | Found a broken altar of Ashenzari.
  8910 | D:8      | Found a hazy altar of Hepliaklqana.
  8916 | D:8      | Reached skill level 10 in Dodging
  8916 | D:8      | Found a shadowy altar of Dithmenos.
  8917 | D:8      | Found a sparkling altar of Nemelex Xobeh.
  9681 | D:9      | Noticed Prince Ribbit
  9695 | D:9      | Killed Prince Ribbit
  9818 | D:9      | Found a snail-covered altar of Cheibriados.
 10114 | D:9      | Reached *** piety under Kikubaaqudgha
 10114 | D:9      | Received a gift from Kikubaaqudgha
 10126 | D:9      | Learned a level 4 spell: Dispel Undead
 10133 | D:9      | Learned a level 6 spell: Death Channel
 10138 | D:9      | Learned a level 4 spell: Anguish
 10567 | D:10     | Entered Level 10 of the Dungeon
 10582 | D:10     | Noticed an oklob plant
 10585 | D:10     | Found a staircase to the Lair.
 10595 | D:10     | Killed an oklob plant
 10596 | D:10     | Reached skill level 1 in Hexes
 10799 | D:10     | Reached skill level 13 in Necromancy
 11207 | D:10     | Reached XP level 12. HP: 74/74 MP: 27/27
 11418 | D:10     | Reached **** piety under Kikubaaqudgha
 11864 | D:10     | Learned a level 5 spell: Borgnjor's Vile Clutch
 11955 | Lair:1   | Entered Level 1 of the Lair of Beasts
 13415 | Lair:2   | Noticed Harold
 13428 | Lair:2   | Killed Harold
 13430 | Lair:2   | Reached skill level 14 in Necromancy
 13547 | Lair:2   | Identified the ring "Apleofih" {rN+++ MP-9 Str+6 Int-5
                  | Dex+3}
 13734 | Lair:2   | Noticed a six-headed hydra
 13742 | Lair:2   | Killed a six-headed hydra
 13997 | Lair:2   | Reached skill level 10 in Stealth
 14270 | Lair:2   | Found a staircase to the Snake Pit.
 14495 | Lair:2   | Reached skill level 5 in Hexes
 14495 | Lair:2   | Reached XP level 13. HP: 79/79 MP: 29/29
 14803 | Lair:3   | Found a gate leading to a gauntlet.
 14813 | Gauntlet | Entered a Gauntlet
 14813 | Gauntlet | Found a transporter.
 14813 | Gauntlet | Found a transporter.
 14813 | Gauntlet | Found a runed translucent gate.
 14813 | Gauntlet | Found a runed translucent gate.
 14813 | Gauntlet | Found a runed translucent gate.
 14830 | Gauntlet | Found a transporter.
 14831 | Gauntlet | Found a transporter.
 14839 | Gauntlet | Found a transporter.
 14843 | Gauntlet | Found a transporter.
 14851 | Gauntlet | Found a transporter.
 14866 | Gauntlet | Found a transporter.
 14870 | Gauntlet | Found a runed translucent door.
 14884 | Gauntlet | Found a transporter.
 14885 | Gauntlet | Found a transporter.
 14893 | Gauntlet | Found a transporter.
 14897 | Gauntlet | Found a transporter.
 14988 | Gauntlet | Identified the +2 pair of gloves of Quiet Fog {rN+ Will-
                  | Dex+2}
 15349 | Gauntlet | Identified the ring "Syjiut" {Ice Will+ Slay+2}
 15475 | Gauntlet | Noticed a minotaur
 15482 | Gauntlet | Killed a minotaur
 15488 | Gauntlet | Identified the +1 helmet of Autumn {Dex+3}
 15745 | Lair:3   | Found a staircase to the Shoals.
 17186 | Lair:4   | Reached ***** piety under Kikubaaqudgha
 17312 | Lair:4   | Reached skill level 15 in Necromancy
 18004 | Lair:5   | Entered Level 5 of the Lair of Beasts
 18311 | Lair:5   | Noticed a fire dragon
 18327 | Lair:5   | Killed a fire dragon
 18335 | Lair:5   | HP: 2/79 [swamp dragon (2)]
 19000 | Lair:5   | Found a staircase to the Slime Pits.
 19002 | Lair:5   | Identified the amulet of Siab {Faith rC+ Regen+}
 19054 | Lair:5   | Reached XP level 14. HP: 83/85 MP: 22/31
 19055 | Lair:5   | Reached skill level 1 in Earth Magic
 19432 | Lair:5   | Slain by a dire elephant

Illustrated notes

Levels and vault maps discovered:
D:1:      lightli_arrival_noodles, layout_basic, minmay_cupped
D:2:      layout_rooms, serial_undead, serial_undead_d, serial_undead_f,
          serial_undead_c, serial_undead_a, basic_altar,
          minmay_misc_feat_more_columns
D:3:      layout_basic, eat_drink_and_be_merry_uskayaw
D:4:      layout_basic, old_standard_altar, minmay_temple_entry_offerings
D:5:      layout_basic, general_overflow_altar, makhleb_heckhound_becter,
          uniq_grinder, uniq_blork_the_orc
D:6:      lemuel_ice_spiral_2, layout_basic, gammafunk_ghost_split, uniq_edmund
D:7:      layout_basic, nicolae_ru_path_of_blood, minivault_27,
          hellmonk_guarded_unrand_vines, uniq_joseph, uniq_maggie, uniq_pikel
D:8:      layout_loops_corners, minitemple, led_xom_imps
D:9:      layout_long_grid, chei_slow_surprise, uniq_prince_ribbit1
D:10:     layout_roguey [special_room_bee], dpeg_oklobed_lair, bh_circular_ruins
D:11:     layout_cave_pods, orc_david_3
Temple:   hellmonk_temple_of_storms
Lair:1:   layout_regular_city, cheibrodos_lair_reptile_den
Lair:2:   layout_cave_pods, guppyfry_snake_entry_garden, grunt_megastairs_2,
          lemuel_fruit_tree, uniq_harold
Lair:3:   layout_layer_cave, minmay_shoals_entry_lonely_mermaid,
          gauntlet_entry_generic
Lair:4:   nzn_winding_woodlands_stair_trap [nzn_winding_woodlands_5x15_crooked,
          nzn_winding_woodlands_5x15_river_crossing,
          nzn_winding_woodlands_5x15_default,
          nzn_winding_woodlands_15x15_killbox,
          nzn_winding_woodlands_5x15_sawtooth,
          nzn_winding_woodlands_5x15_concentric,
          nzn_winding_woodlands_5x15_pool], layout_loops_ring,
          beast_lair_carwin_7, serial_bayou_shore_a, infiniplex_staircase_pool
Lair:5:   guppyfry_lair_end_dragon, layout_cave_pods, hangedman_lair_in_review,
          slime_entry_1

Skill      XL: |  1  2  3  4  5  6  7  8  9 10 11 12 13 14 |
---------------+-------------------------------------------+-----
Necromancy     | 5 6 7 10 11 13 14 15 | 15.8
Spellcasting   | 3 4 5 8 9 11 12 13 | 13.9
Dodging        | 3 4 8 9 10 11 12 | 12.6
Unarmed Combat | 1 |  1.0
Short Blades   | 2 5 6 7 |  7.9
Stealth        | 7 8 9 10 | 10.7
Hexes          | 1 5 7 |  7.6
Earth Magic    | 1 |  1.1

Action                   |  1- 3 |  4- 6 |  7- 9 | 10-12 | 13-15 || total
-------------------------+-------+-------+-------+-------+-------++-------
Melee: Unarmed           |    80 |    17 |       |     3 |       ||   100
       Bite              |     8 |     3 |    12 |    42 |    32 ||    97
       Punch             |     2 |       |       |     5 |     4 ||    11
       Rapier            |       |    16 |    83 |   365 |   202 ||   666
 Cast: Necrotise         |    63 |   109 |    42 |    65 |       ||   279
       Vampiric Draining |       |     2 |    10 |    47 |    24 ||    83
       Animate Dead      |       |       |     2 |     9 |    10 ||    21
       Agony             |       |       |       |    41 |    20 ||    61
       Anguish           |       |       |       |    20 |    36 ||    56
       Death Channel     |       |       |       |    11 |    12 ||    23
       Borgnjor's Vile C |       |       |       |     6 |    21 ||    27
       Dispel Undead     |       |       |       |     2 |     4 ||     6
       Sublimation of Bl |       |       |       |     1 |       ||     1
Invok: Unearth Wretches  |       |       |       |     1 |       ||     1
 Abil: Exsanguinate      |       |     1 |       |       |     1 ||     2
       Revivify          |       |       |     1 |       |     1 ||     2
  Use: Scroll            |     4 |     4 |     1 |    11 |     6 ||    26
       Potion            |       |     1 |     5 |       |     2 ||     8
 Stab: Sleeping          |       |     1 |     3 |    25 |    19 ||    48
       Distracted        |       |       |       |     3 |     7 ||    10
Armor: Robe              |    48 |    11 |       |    56 |   114 ||   229
       Leather armour    |       |     8 |    29 |    15 |       ||    52
Dodge: Dodged            |   117 |    58 |    96 |   563 |   439 ||  1273

Table legend: (Time is in decaauts)
 A = Elapsed time spent in this place.
 B = Non-inter-level travel time spent in this place.
 C = Inter-level travel time spent in this place.
 D = Time resting spent in this place.
 E = Time spent auto-exploring this place.
 F = Levels seen in this place.
 G = Mean time per level.
                   A        B        C        D        E       F      G
               +--------+--------+--------+--------+--------+-----+--------+
         Total |  19440 |  18454 |    986 |   1691 |  13155 |  18 | 1080.0 |
       Dungeon |  11891 |  11098 |    793 |   1124 |   7906 |  11 | 1081.0 |
        Temple |     50 |     50 |      0 |      0 |      0 |   1 |   50.0 |
          Lair |   6732 |   6540 |    192 |    210 |   5154 |   5 | 1346.4 |
      Gauntlet |    766 |    766 |      0 |    357 |     95 |   1 |  766.0 |
               +--------+--------+--------+--------+--------+-----+--------+

Top non-repeatable levels by time:
     D:7: 1763 daAuts
  Lair:2: 1592 daAuts
  Lair:5: 1446 daAuts
     D:6: 1436 daAuts
  Lair:3: 1377 daAuts
    D:10: 1374 daAuts
     D:3: 1215 daAuts
  Lair:1: 1212 daAuts
  Lair:4: 1104 daAuts
     D:4: 1078 daAuts
     D:8: 1055 daAuts
     D:9: 1017 daAuts
     D:5: 1015 daAuts
     D:1: 1007 daAuts
     D:2: 924 daAuts
